 Dungeon Crawl Stone Soup version 0.31-a0-233-g139696dc86 (webtiles) character file.

Game seed: 128313973792103546

14 Decritt the Slasher (level 2, -6/22 HPs)
             Began as a Demonspawn Gladiator on July 8, 2023.
             Mangled by a gnoll
             ... wielding a +0 whip
              (7 damage)
             ... on level 2 of the Dungeon.
             The game lasted 00:02:03 (709 turns).

Decritt the Slasher (Demonspawn Gladiator)           Turns: 709, Time: 00:02:04

Health: -6/22      AC:  6    Str: 14    XL:     2   Next: 27%
Magic:  2/2        EV: 11    Int:  9    God:
Gold:   49         SH:  0    Dex: 14    Spells: 1/1 levels left

rFire   . . .        k - +0 dagger (speed)
rCold   . . .        (no shield)
rNeg    . . .        g - +0 ring mail
rPois   .            c - +0 helmet
rElec   .            (no cloak)
rCorr   .            (no gloves)
SInv    .            (no boots)
Will    .....        (no amulet)
Stlth   +            (no ring)
HPRegen 0.23/turn    (no ring)
MPRegen 0.08/turn

%: no passive effects
@: no status effects
A: demonic touch 1
a: no special abilities


You were on level 2 of the Dungeon.
You visited 1 branch of the dungeon, and saw 2 of its levels.

You collected 49 gold pieces.

Inventory:

Hand Weapons
 a - a +0 long sword
 k - a +0 dagger of speed (weapon)
Missiles
 d - 3 throwing nets (quivered)
 e - a javelin
Armour
 b - a +0 leather armour
 c - a +0 helmet (worn)
 g - a +0 ring mail (worn)
Scrolls
 f - a scroll of noise {unknown}
 h - a scroll of fear {unknown}
 i - a scroll of identify {unknown}
Potions
 j - a potion of enlightenment {unknown}


   Skills:
 * Level 2.3 Fighting
 * Level 0.0(1.6) Short Blades
 - Level 2.9 Long Blades
 - Level 1.7 Throwing
 + Level 0.4 Armour
 + Level 2.8 Dodging


You had one spell level left.
You didn't know any spells.
Your spell library was empty.

Dungeon Overview and Level Annotations

Branches:
Dungeon (2/15)

Altars:


Innate Abilities, Weirdness & Mutations

Your touch may inflict minor irresistible damage on your foes.


Message History

Your hands tingle!
k - a +0 dagger of speed (weapon)
Key pressed, stopping explore.
Your movement speed is average.
Your attack delay is about 0.6.
Your damage rating with your +0 dagger of speed is about 4 (Base 4 x 110% (Dex) x 106% (Skill)).
Done exploring.
Done exploring.
(D) Dungeon
Where to? (? - help)
There is a stone staircase leading down here.
You climb downwards.
The gnoll shouts!
The hobgoblin shouts!
The endoplasm quivers.
The goblin shouts!
You hear an angry hiss.
You hear a shout!
Found 19 gold pieces, a quarterstaff and a scroll labelled OMORIBB QIATA.
Found two stone staircases leading up and a stone staircase leading down.
There is a stone staircase leading up here.
There are monsters nearby!
You barely miss the goblin. Your touch misses the goblin.
You barely miss the goblin. Your touch misses the goblin.
A kobold comes into view. It is wielding a +0 dagger.
The goblin barely misses you.
You barely miss the goblin.
A ball python comes into view.
You hit the goblin.
You kill the goblin!
The gnoll barely misses you.
The gnoll hits you from afar with a +0 halberd.
The gnoll hits you with a +0 halberd!
* * * LOW HITPOINT WARNING * * *
The gnoll barely misses you. The gnoll hits you with a +0 whip.
* * * LOW HITPOINT WARNING * * *
The gnoll closely misses you.
There is a stone staircase leading up here.
The hobgoblin hits you.
* * * LOW HITPOINT WARNING * * *
The gnoll hits you from afar with a +0 halberd.
* * * LOW HITPOINT WARNING * * *
The gnoll hits you with a +0 whip!
You die...

.........##.#.##
........<..<....
...............
.......K......
............##..
...............
......rJ.g.#
......g.@).#
.#.....g.....)..
.......?g.......
.....S.....###..
........$..# .
...........#
..........>#
..........##


You could see 3 gnolls, an endoplasm, a hobgoblin, a ball python, a kobold and a
rat.

Vanquished Creatures
  A giant cockroach (D:1)
  A goblin (D:2)
  3 hobgoblins (D:1)
  A kobold (D:1)
  3 quokkas (D:1)
  A bat (D:1)
  A frilled lizard (D:1)
11 creatures vanquished.

Notes
Turn   | Place    | Note
-------+----------+-------------------------------------------
     0 | D:1      | Decritt the Demonspawn Gladiator began the quest for the
                  | Orb.
     0 | D:1      | Reached XP level 1. HP: 16/16 MP: 1/1
   231 | D:1      | Gained mutation: Your touch may inflict minor irresistible
                  | damage on your foes. [demonic ancestry]
   231 | D:1      | Reached XP level 2. HP: 19/22 MP: 2/2
   709 | D:2      | HP: 1/22 [gnoll/+0 halberd (1)]
   709 | D:2      | Mangled by a gnoll

Illustrated notes

Levels and vault maps discovered:
D:1:      saegor_arrival_under_anarchy, layout_loops_ring
D:2:      layout_rooms, hellmonk_ecumenical_altar_crossroads

Action                     || total
---------------------------++-------
  Melee: Long sword        ||    34
         Dagger            ||     4
         Touch             ||     1
 Armour: Leather armour    ||     8
         Ring mail         ||     3
  Dodge: Dodged            ||    24

Table legend: (Time is in decaauts)
 A = Elapsed time spent in this place.
 B = Non-inter-level travel time spent in this place.
 C = Inter-level travel time spent in this place.
 D = Time resting spent in this place.
 E = Time spent auto-exploring this place.
 F = Levels seen in this place.
 G = Mean time per level.
                   A        B        C        D        E       F      G
               +--------+--------+--------+--------+--------+-----+--------+
         Total |    715 |    680 |     35 |      0 |    549 |   2 |  357.5 |
       Dungeon |    715 |    680 |     35 |      0 |    549 |   2 |  357.5 |
               +--------+--------+--------+--------+--------+-----+--------+

Top non-repeatable levels by time:
     D:1: 710 daAuts
     D:2: 5 daAuts
